 Dungeon Crawl Stone Soup version 0.25.1-4-g9407a263a5 (webtiles) character file.

Game seed: 6175353676750570771

1105 Impeuri the Summoner (level 8, 0/44 HPs)
             Began as a Tengu Summoner on Nov 30, 2020.
             Slain by a killer bee (4 damage)
             ... on level 6 of the Dungeon.
             The game lasted 00:24:22 (7935 turns).

Impeuri the Summoner (Tengu Summoner)               Turns: 7935, Time: 00:24:22

Health: 0/44       AC:  3    Str:  8    XL:     8   Next: 32%
Magic:  9/16       EV: 13    Int: 19    God:
Gold:   206        SH:  0    Dex: 14    Spells: 3/16 levels left

rFire    . . .     SeeInvis .   t - +3 rapier (flame)
rCold    . . .     Gourm    .   (no shield)
rNeg     . . .     Faith    .   a - +1 robe
rPois    .         Spirit   .   (helmet restricted)
rElec    .         Reflect  .   (no cloak)
rCorr    .         Harm     .   (no gloves)
MR       .....                  (boots unavailable)
Stlth    ++........             v - amulet of regeneration
HPRegen  0.54/turn              (no ring)
MPRegen  0.15/turn              (no ring)

@: lethally poisoned (0 -> -1)
A: beak, talons 3, able to fly
a: Fly


You were on level 6 of the Dungeon.
You were not hungry.

You visited 1 branch of the dungeon, and saw 6 of its levels.
You also visited: Sewer.

You collected 206 gold pieces.

Inventory:

Hand Weapons
 r - a +2 spear of venom
 t - a +3 rapier of flaming (weapon)
Missiles
 h - 3 silver javelins (quivered)
 p - 5 curare-tipped darts
Armour
 a - a +1 robe (worn)
Jewellery
 o - an uncursed amulet of magic regeneration {unknown}
 v - an amulet of regeneration (around neck)
Scrolls
 d - 5 scrolls of teleportation
 e - 2 scrolls of amnesia
 s - a scroll of enchant weapon
 w - a scroll of magic mapping {unknown}
 y - a scroll of remove curse
Potions
 b - a potion of haste {unknown}
 f - 2 potions of curing
 g - a potion of heal wounds {unknown}
 i - a potion of lignification {unknown}
 j - a potion of stabbing {unknown}
 k - a potion of mutation {unknown}
 l - 5 potions of flight {unknown}
 m - a potion of might {unknown}
 n - 2 potions of brilliance {unknown}
 q - a potion of degeneration {unknown}
Comestibles
 c - 6 rations
 u - 3 chunks of flesh


   Skills:
 + Level 1.9 Fighting
 + Level 2.0 Short Blades
 + Level 3.2 Dodging
 - Level 2.0 Stealth
 + Level 4.6 Spellcasting
 + Level 9.2 Summonings
 + Level 1.0 Ice Magic
 + Level 3.7 Air Magic


You had 3 spell levels left.
You knew the following spells:

 Your Spells              Type           Power        Failure   Level  Hunger
a - Summon Lightning Spi  Summ/Air       ####....     9%          4    ####...
b - Call Imp              Summ           #####...     1%          2    #......
c - Call Canine Familiar  Summ           #####...     1%          3    ###....
d - Summon Ice Beast      Ice/Summ       ###.....     16%         4    ####...

Your spell library contained the following spells:

 Spells                   Type           Power        Failure   Level  Hunger
 Summon Small Mammal      Summ           ####         1%          1    None
 Summon Guardian Golem    Hex/Summ       ###.....     6%          3    ###....


Dungeon Overview and Level Annotations

Branches:
Dungeon (6/15)              Sewer (visited)
 Temple: D:4-7

Altars:
Elyvilon
Makhleb
Yredelemnul
The Shining One

Shops:
D:5 [


Innate Abilities, Weirdness & Mutations

You have a beak for a mouth.
You have claws for feet.
You can fly continuously.


Message History

Your hound misses the killer bee. The killer bee stings your hound!
Your hound dies!
Your hound's corpse disappears in a puff of smoke!
The killer bee completely misses you.
You miss the killer bee.
You feel sick. The killer bee misses you. The killer bee stings you!
The killer bee completely misses you. The killer bee stings you!
The killer bee barely misses you.
Your lightning spire shoots out a bolt of lightning at the killer bee!
The bolt of electricity hits the killer bee!
The killer bee dies!
Your Short Blades skill increases to level 2!
Your Ice Magic skill increases to level 1!
The bolt of electricity hits the killer bee.
The bolt of electricity hits the killer bee!
The killer bee stings you!
* * * LOW HITPOINT WARNING * * *
You feel sick. The killer bee stings you.
* * * LOW HITPOINT WARNING * * *
The killer bee closely misses you. The killer bee stings you.
You die...

#...........###..#
#########.......##
###.....######..#
##.....>....###..##
#[...........##...##
#............##....###
.............##......#
.............##.yy.†.##
.............##.@._...#
###..........#...8...(....y
############.......#.....
#..[#####..... #...# ....
#...# .. ##### #


You could see 2 killer bees and a friendly lightning spire (summoned).

Vanquished Creatures
  2 ice beasts (D:5)
  An ogre (D:4)
  A bullfrog (D:6)
  A scorpion (D:4)
  A crimson imp (D:2)
  A hound (D:6)
  A centaur skeleton (D:5)
  2 worker ants
  A hound skeleton (D:4)
  A gnoll (D:6)
  An adder (D:6)
  A shadow imp (D:5)
  An ooze (D:5)
  An adder zombie (D:6)
  A worm (D:3)
  A dart slug (D:1)
  4 leopard geckos
  3 orcs
  4 giant cockroaches
  6 goblins
  9 hobgoblins
  9 jackals
  6 kobolds
  3 quokkas
  2 ball pythons
  4 bats
  3 frilled lizards
  2 leopard gecko skeletons
  9 rats
82 creatures vanquished.

Vanquished Creatures (collateral kills)
  Menkaure (D:5)
  2 ogres (D:4)
  A big kobold (Sewer)
  A scorpion (D:4)
  2 killer bees (D:6)
  A crimson imp (D:5)
  A gnoll shaman (D:6)
  3 hounds
  A bullfrog skeleton (D:5)
  An iguana (D:4)
  Robin (D:3)
  4 gnolls (D:6)
  7 adders
  A river rat (Sewer)
  2 oozes
  7 worms
  A dart slug (D:1)
  An orc (D:5)
  A ball python (D:3)
  4 giant cockroaches
  12 goblins
  A hobgoblin (D:3)
  2 jackals
  3 kobolds
  2 frilled lizards
  A jackal skeleton (D:4)
  2 rats
66 creatures vanquished.

Grand Total: 148 creatures vanquished

Notes
Turn   | Place    | Note
-------+----------+-------------------------------------------
     0 | D:1      | Impeuri the Tengu Summoner began the quest for the Orb.
     0 | D:1      | Reached XP level 1. HP: 10/10 MP: 4/4
   163 | D:1      | Reached skill level 5 in Summonings
   359 | D:1      | Reached XP level 2. HP: 15/15 MP: 4/6
   378 | D:1      | Learned a level 2 spell: Call Imp
   905 | D:1      | Reached XP level 3. HP: 18/19 MP: 2/7
   971 | D:1      | Learned a level 3 spell: Call Canine Familiar
  1465 | D:2      | Reached skill level 6 in Summonings
  1465 | D:2      | Reached XP level 4. HP: 12/24 MP: 2/9
  2135 | D:2      | Found a glowing golden altar of the Shining One.
  2689 | D:3      | Found a glowing drain.
  2708 | Sewer    | Entered a sewer
  2716 | Sewer    | Gained mutation: You can fly continuously. [Tengu growth]
  2716 | Sewer    | Reached XP level 5. HP: 26/28 MP: 4/10
  2855 | Sewer    | Noticed a big kobold
  2866 | Sewer    | Killed a big kobold
  2866 | Sewer    | Reached skill level 7 in Summonings
  2885 | Sewer    | Found a white marble altar of Elyvilon.
  3009 | D:3      | Noticed Robin
  3017 | D:3      | Killed Robin
  3837 | D:4      | Noticed an ogre
  3846 | D:4      | Killed an ogre
  3846 | D:4      | Reached XP level 6. HP: 32/32 MP: 7/12
  3852 | D:4      | Learned a level 4 spell: Summon Lightning Spire
  3925 | D:4      | Reached skill level 8 in Summonings
  3925 | D:4      | Reached skill level 1 in Air Magic
  4759 | D:4      | Reached XP level 7. HP: 36/36 MP: 14/14
  5544 | D:5      | Entered Level 5 of the Dungeon
  5913 | D:5      | Found a white marble altar of Elyvilon.
  6005 | D:5      | Found a basalt altar of Yredelemnul.
  6253 | D:5      | Noticed Menkaure
  6266 | D:5      | Killed Menkaure
  6266 | D:5      | Reached skill level 1 in Fighting
  6266 | D:5      | Reached skill level 1 in Short Blades
  6934 | D:5      | Found Pawkaug's Antique Armour Boutique.
  6992 | D:5      | Reached skill level 9 in Summonings
  6999 | D:5      | Learned a level 4 spell: Summon Ice Beast
  7136 | D:5      | Reached XP level 8. HP: 14/43 MP: 10/15
  7652 | D:6      | Found a burning altar of Makhleb.
  7919 | D:6      | Found a burning altar of Makhleb.
  7934 | D:6      | Reached skill level 1 in Ice Magic
  7935 | D:6      | Slain by a killer bee

Illustrated notes

Levels and vault maps discovered:
D:1:      minmay_arrival_four_loops, layout_basic
D:2:      layout_basic, tso_altar
D:3:      layout_basic, cheibrodos_sewer_entry_sluice, uniq_robin
D:4:      layout_gridville
D:5:      layout_basic, kennysheep_ying_yang, first_ration, serial_shops,
          nicolae_shop_stone, st_stairs_7, uniq_menkaure
D:6:      layout_cave_pods, serial_shops, shop, basic_altar,
          makhleb_heckhound_becter

Skill      XL: |  1  2  3  4  5  6  7  8 |
---------------+-------------------------+-----
Summonings     | 5 6 7 8 9 |  9.2
Spellcasting   | 3 4 |  4.6
Air Magic      | 1 3 |  3.7
Fighting       | 1 |  1.9
Short Blades   | 1 2 |  2.0
Dodging        | 3 |  3.2
Ice Magic      | 1 |  1.0
Stealth        | |  2.0

Action                   |  1- 3 |  4- 6 |  7- 9 || total
-------------------------+-------+-------+-------++-------
Melee: Dagger            |    74 |    85 |    18 ||   177
       Unarmed           |     3 |       |       ||     3
       Kick              |    13 |    32 |    23 ||    68
       Peck              |     9 |    17 |    14 ||    40
       Mace              |       |    45 |       ||    45
       Rapier            |       |       |   109 ||   109
 Cast: Summon Small Mamm |     8 |       |       ||     8
       Call Imp          |     9 |    17 |    19 ||    45
       Call Canine Famil |     2 |    14 |    18 ||    34
       Summon Lightning  |       |       |     1 ||     1
 Abil: Fly               |       |     1 |       ||     1
       Stop Flying       |       |       |     1 ||     1
  Use: Scroll            |       |     4 |     6 ||    10
       Potion            |       |     1 |     1 ||     2
 Stab: Sleeping          |     4 |     1 |     1 ||     6
       Distracted        |     1 |     2 |     1 ||     4
  Eat: Chunk             |     2 |     9 |     9 ||    20
       Ration            |       |     1 |     1 ||     2
Armor: Robe              |     8 |    17 |    17 ||    42
Dodge: Dodged            |    41 |    87 |    96 ||   224
